AoeStats
← Pillage The Village

Arabia

509676113Analyzed
4v4 RM · 4d ago on Sep 27, 2026· 38m 15s· 8 players
Game mode
Random Map
Map size
Large (8 player)
Population
200
Speed
Normal
Resources
Standard
Victory
Conquest
Starting age
Dark Age
Ending age
Imperial Age
RankedLock teamsTeams togetherTeam positionsShared explorationLock speedFull tech treeHidden civsTurbo modeCheats
Victory
Defeat
🇪🇸 Italians · Spain
1174
+14
🇫🇷 Bohemians · France
1154
+15
🇺🇸 Bulgarians · United States
1150
+15
🇵🇪 Lithuanians · Peru
1132
+16
🇧🇪 Mongols · Belgium
1263
-19
🇧🇪 Khmer · Belgium
1233
-19
🇧🇪 Celts · Belgium
1072
-13
🇧🇪 Franks · Belgium
965
-9
Pillage The Village
6:04 Loom
8:56 Feudal Age
11:25 Double-Bit Axe
20:23 Castle Age
18:59 Forging
18:50 Gold Mining
19:35 Bloodlines
19:59 Scale Barding Armor
20:31 Light Cavalry
28:35 Fletching
29:29 Bow Saw
30:44 Bodkin Arrow
33:18 Padded Archer Armor
33:51 Ballistics
Myll_Barka
2:54 Loom
9:51 Feudal Age
10:38 Double-Bit Axe
15:18 Wheelbarrow
18:07 Fletching
18:18 Padded Archer Armor
22:50 Castle Age
22:23 Gold Mining
22:17 Horse Collar
23:40 Bodkin Arrow
23:34 Crossbowman
27:28 Leather Archer Armor
27:01 Elite Skirmisher
31:39 Ballistics
32:45 Scale Barding Armor
33:24 Bow Saw
34:59 Hand Cart
COMMANDER SANDER
0:27 Loom
10:34 Feudal Age
12:54 Double-Bit Axe
20:05 Castle Age
18:37 Man-at-Arms
19:22 Horse Collar
20:38 Gambesons
21:09 Forging
21:01 Scale Mail Armor
23:06 Bow Saw
22:51 Long Swordsman
26:08 Wheelbarrow
26:31 Pikeman
27:29 Gold Mining
28:14 Hand Cart
28:25 Scale Barding Armor
31:35 Gold Shaft Mining
33:21 Iron Casting
32:51 Scale Barding Armor
Pontifex Fakkulus
10:09 Feudal Age
9:17 Loom
12:35 Double-Bit Axe
16:40 Forging
16:32 Scale Mail Armor
16:42 Man-at-Arms
34:41 Castle Age
38:19 Scale Barding Armor
38:49 Iron Casting
37:46 Pikeman
39:08 Wheelbarrow
38:18 Town Watch
Rett Mikhal
1:38 Loom
11:06 Feudal Age
12:40 Wheelbarrow
11:51 Double-Bit Axe
15:25 Forging
15:27 Horse Collar
17:43 Arson
24:49 Castle Age
23:18 Scale Mail Armor
23:46 Fletching
24:58 Pikeman
26:38 Squires
30:28 Town Watch
32:48 Gambesons
34:40 Bodkin Arrow
35:20 Iron Casting
35:39 Chain Mail Armor
36:54 Gold Mining
37:02 Stone Mining
ChiMi..ChiMi
4:04 Loom
10:39 Feudal Age
11:09 Double-Bit Axe
15:26 Wheelbarrow
15:42 Fletching
18:34 Padded Archer Armor
24:32 Castle Age
23:45 Gold Mining
24:12 Horse Collar
24:34 Crossbowman
25:40 Bow Saw
26:31 Bodkin Arrow
27:10 Ballistics
29:00 Leather Archer Armor
28:46 Stone Mining
31:08 Thumb Ring
30:41 Elite Skirmisher
36:37 Imperial Age
36:46 Capped Ram
39:00 Chemistry
Labelgique001
8:23 Loom
10:46 Feudal Age
13:19 Scale Barding Armor
20:32 Castle Age
19:02 Double-Bit Axe
23:07 Husbandry
23:33 Horse Collar
25:52 Chain Barding Armor
26:41 Fletching
28:04 Wheelbarrow
27:24 Town Watch
27:51 Bow Saw
29:06 Forging
34:44 Heavy Plow
37:44 Imperial Age
36:29 Hand Cart
37:16 Light Cavalry
37:47 Cavalier
39:05 Iron Casting
38:43 Hussite Reforms
RafaelKubo
8:57 Feudal Age
9:25 Loom
10:08 Double-Bit Axe
16:18 Horse Collar
18:28 Bloodlines
19:32 Forging
22:09 Town Watch
22:36 Gold Mining
26:42 Castle Age
26:59 Pikeman
27:40 Squires
27:25 Arson
33:33 Wheelbarrow
34:01 Fervor
34:11 Sanctity
35:07 Scale Barding Armor
36:46 Iron Casting
36:35 Chain Barding Armor
37:10 Hand Cart
37:07 Fletching
38:00 Husbandry
38:22 Hill Forts
Connection lost

Rejoining the realm…

Still unreachable

The connection could not be restored.

Session expired

The server has moved on; the page needs a fresh start.